AoeStats
← Microgod

Arena

511022597Analyzed
2v2 RM · 10h ago on Oct 3, 2026· 41m 1s· 4 players
Game mode
Random Map
Map size
Medium (4 player)
Population
200
Speed
Normal
Resources
Standard
Victory
Conquest
Starting age
Dark Age
Ending age
Imperial Age
RankedLock teamsTeams togetherTeam positionsShared explorationLock speedFull tech treeHidden civsTurbo modeCheats
Victory
Defeat
🇹🇷 Franks · Türkiye
1116
+14
🇨🇳 Spanish · China
1087
+33
🇨🇦 Celts · Canada
1218
-20
🇨🇦 Bohemians · Canada
932
-9
anthony.tourigny66
11:03 Feudal Age
15:54 Castle Age
14:11 Double-Bit Axe
14:50 Horse Collar
16:51 Bow Saw
16:45 Heavy Plow
18:01 Wheelbarrow
28:47 Gold Mining
30:16 Scale Mail Armor
35:31 Imperial Age
33:20 Hand Cart
35:59 Chain Mail Armor
39:04 Pikeman
francismorin10
12:27 Feudal Age
16:13 Castle Age
15:43 Horse Collar
15:52 Double-Bit Axe
17:45 Bow Saw
17:37 Heavy Plow
31:41 Imperial Age
30:46 Devotion
33:29 Conscription
32:32 Elite Hussite Wagon
34:27 Two-Man Saw
33:24 Capped Ram
34:22 Heavy Scorpion
37:07 Faith
birol.ogluoglu
7:30 Loom
10:40 Feudal Age
11:23 Double-Bit Axe
17:37 Castle Age
19:56 Wheelbarrow
31:53 Imperial Age
31:07 Forging
31:49 Scale Barding Armor
37:36 Hand Cart
40:17 Heavy Scorpion
40:37 Cavalier
41:17 Husbandry
42:09 Iron Casting
Microgod
10:26 Feudal Age
14:24 Castle Age
12:21 Double-Bit Axe
14:39 Castle Age
13:18 Double-Bit Axe
18:39 Horse Collar
20:07 Heavy Plow
22:16 Fervor
22:37 Sanctity
22:28 Fervor
25:50 Redemption
30:23 Imperial Age
28:29 Inquisition
30:16 Scale Barding Armor
31:23 Block Printing
31:34 Illumination
31:45 Theocracy
31:33 Chain Barding Armor
33:28 Plate Barding Armor
Connection lost

Rejoining the realm…

Still unreachable

The connection could not be restored.

Session expired

The server has moved on; the page needs a fresh start.